AoeStats
← [NICE_ASS] BigMasi

Oasis

510179537Analyzed
4v4 RM · 2d ago on Sep 29, 2026· 31m 55s· 8 players
Game mode
Random Map
Map size
Large (8 player)
Population
200
Speed
Normal
Resources
Standard
Victory
Conquest
Starting age
Dark Age
Ending age
Imperial Age
RankedLock teamsTeams togetherTeam positionsShared explorationLock speedFull tech treeHidden civsTurbo modeCheats
Victory
Defeat
🇹🇷 Aztecs · Türkiye
1212
+12
🇺🇸 Japanese · United States
1143
+14
🇦🇷 Vietnamese · Argentina
1131
+15
🇧🇪 Magyars · Belgium
1080
+17
🇨🇭 Varangians · Switzerland
1338
-22
🇨🇳 Sicilians · China
1228
-18
🇫🇷 Cumans · France
1097
-14
🇮🇹 Byzantines · Italy
766
-4
VadersSon2004
11:08 Feudal Age
15:17 Castle Age
13:31 Double-Bit Axe
17:13 Wheelbarrow
17:21 Bow Saw
18:38 Horse Collar
19:05 Loom
19:14 Town Watch
20:11 Gold Mining
22:28 Fletching
23:29 Thumb Ring
23:49 Heavy Plow
24:40 Bodkin Arrow
24:46 Padded Archer Armor
26:22 Ballistics
27:18 Husbandry
27:28 Bloodlines
28:21 Stone Mining
29:19 Gold Shaft Mining
29:01 Hand Cart
29:32 Leather Archer Armor
32:29 Imperial Age
SicariusFeroxis
6:53 Loom
9:15 Feudal Age
12:31 Double-Bit Axe
20:12 Wheelbarrow
28:17 Castle Age
27:21 Bloodlines
27:31 Scale Barding Armor
29:37 Husbandry
29:34 Fletching
30:05 Light Cavalry
32:45 Chain Barding Armor
Yousif
5:22 Loom
10:13 Feudal Age
10:34 Man-at-Arms
11:15 Double-Bit Axe
11:12 Horse Collar
16:28 Scale Mail Armor
20:33 Forging
22:59 Castle Age
23:25 Gold Mining
24:57 Iron Casting
24:25 Squires
25:53 Bow Saw
26:08 Heavy Plow
25:59 Eagle Warrior
26:50 Stone Mining
26:29 Pikeman
29:10 Wheelbarrow
29:52 Gold Shaft Mining
29:59 Chain Mail Armor
31:56 Hand Cart
32:14 Town Watch
diavolomagro
7:18 Loom
9:29 Feudal Age
10:07 Double-Bit Axe
15:09 Fletching
17:59 Padded Archer Armor
25:09 Castle Age
23:25 Horse Collar
23:36 Gold Mining
25:51 Bodkin Arrow
25:25 Crossbowman
26:24 Bow Saw
33:27 Imperial Age
[NICE_ASS] BigMasi
8:31 Loom
8:56 Loom
11:45 Feudal Age
15:22 Bloodlines
24:51 Double-Bit Axe
28:20 Fletching
vikingfou
7:05 Loom
10:13 Feudal Age
23:34 Castle Age
22:25 Scale Barding Armor
22:30 Forging
22:46 Bloodlines
23:09 Horse Collar
23:17 Double-Bit Axe
25:31 Chain Barding Armor
28:38 Iron Casting
CHFSwissMade
17:02 Feudal Age
17:27 Horse Collar
17:34 Double-Bit Axe
26:04 Padded Archer Armor
25:54 Fletching
30:52 Castle Age
30:34 Loom
592848337
6:12 Loom
12:28 Feudal Age
13:17 Horse Collar
19:59 Scale Mail Armor
26:28 Castle Age
26:35 Wheelbarrow
31:23 Double-Bit Axe
Connection lost

Rejoining the realm…

Still unreachable

The connection could not be restored.

Session expired

The server has moved on; the page needs a fresh start.